 Dungeon Crawl Stone Soup version 0.29.1-15-g9cfb28693d (webtiles) character file.

Game seed: 17162250616794284568

180 Sanktem7 the Chopper (level 5, 0/47 HPs)
             Began as a Minotaur Fighter on Mar 15, 2023.
             Slain by a gnoll
             ... wielding a +0 spear
              (6 damage)
             ... on level 2 of the Dungeon.
             The game lasted 00:02:30 (1929 turns).

Sanktem7 the Chopper (Minotaur Fighter)             Turns: 1929, Time: 00:02:31

Health: 0/47       AC: 13    Str: 23    XL:     5   Next: 33%
Magic:  4/4        EV:  6    Int:  5    God:
Gold:   102        SH:  4    Dex:  9    Spells: 4/4 levels left

rFire   . . .      SeeInvis .   a - +0 war axe {axe}
rCold   . . .      Faith    .   c - +0 buckler
rNeg    . . .      Spirit   .   n - +0 plate armour
rPois   .          Reflect  .   (helmet restricted)
rElec   .          Harm     .   b - +0 cloak
rCorr   .          Rampage  .   (no gloves)
Will    .....                   (no boots)
Stlth   ..........              (no amulet)
HPRegen 0.15/turn               (no ring)
MPRegen 0.09/turn               (no ring)

@: no status effects
A: horns 2, retaliatory headbutt
a: no special abilities


You were on level 2 of the Dungeon.
You visited 1 branch of the dungeon, and saw 2 of its levels.

You collected 102 gold pieces.


Innate Abilities, Weirdness & Mutations

You have a pair of horns on your head.
You reflexively headbutt those who attack you in melee.


   Skills:
 + Level 4.6 Fighting
 * Level 4.6 Axes
 + Level 4.5 Armour
 + Level 4.5 Shields


You had 4 spell levels left.
You didn't know any spells.
Your spell library was empty.

Inventory:

Hand Weapons
 a - a +0 war axe (weapon) {axe}
 o - a +1 spear of freezing {polearm}
   (You took it off a gnoll on level 2 of the Dungeon)
 s - a +4 dagger {short}
   (You took it off a goblin on level 2 of the Dungeon)
Missiles
 i - a throwing net {=f!fthrowing}
 l - 15 stones (quivered) {throwing}
Armour
 b - a +0 cloak (worn)
   (You found it on level 1 of the Dungeon)
 c - a +0 buckler (worn)
 n - a +0 plate armour (worn)
   (You found it on level 2 of the Dungeon)
Jewellery
 r - a ring of resist corrosion
   (You found it on level 2 of the Dungeon)
Scrolls
 e - 2 scrolls of identify {unknown}
 f - a scroll of amnesia {unknown}
 g - 2 scrolls of brand weapon {unknown}
 h - 2 scrolls of teleportation {unknown}
 j - a scroll of summoning {unknown}
Potions
 d - a potion of might
 k - 2 potions of ambrosia {unknown}
 p - a potion of curing {unknown}

Dungeon Overview and Level Annotations

Branches:
Dungeon (2/15) Zot: 10041

Altars:
Makhleb

..##.###.##...#.............#....
#...........#.#...####...........
##.###.###.##.....####...........
..............######.............
.###.###.###.### #.............#
.....#####.....####...)..........
......#...........#..............
........#########g##...#######...
.......###......@.##..)#....##...
.......##..~...~..##......)..#.#.
.......#$.......)...#........#+#.
#......#⌠...........##....##.....
.......#$.......))...<....##.....
#......##..~...~..#.#.....##....#
#......###........#.#...#.##....#
..#'#...#########.#.#...#.##.....
..#.#.............#.#...#........


You could see a gnoll.


Message History

h - 2 scrolls labelled TUSAQAG YTON BAL (gained 1)
Items here: )) [ ††. 😨 HP[+1]
A gnoll comes into view. It is wielding a +0 spear. 😨 HP[+1]
A gnoll is nearby!
A gnoll is nearby!
Throw: 20 stones {throwing}
Press: ? - help, Q - select action Shift-Dir - straight line, f - gnoll
Aim: a gnoll, wielding a +0 spear (wandering, hasn't noticed you, 60% to hit)
You throw a stone {throwing}.
The stone {throwing} barely misses the gnoll.
The gnoll shouts!
Throw: 19 stones {throwing}
Press: ? - help, Q - select action Shift-Dir - straight line, f/p - gnoll
Aim: a gnoll, wielding a +0 spear (60% to hit)
You throw a stone {throwing}.
The stone {throwing} barely misses the gnoll.
Throw: 18 stones {throwing}
Press: ? - help, Q - select action Shift-Dir - straight line, f/p - gnoll
Aim: a gnoll, wielding a +0 spear (60% to hit)
You throw a stone {throwing}.
The stone {throwing} barely misses the gnoll.
The gnoll hits you but does no damage.
You barely miss the gnoll.
The gnoll hits you but does no damage. 😨 HP[+1]
You hit the gnoll. The gnoll hits you with a +0 spear.
* * * LOW HITPOINT WARNING * * *
A gnoll comes into view. It is wielding a +0 flail.
You block the gnoll's attack.
The gnoll moves out of view. 😨 HP[-5]
You take 5 damage, and now have 16/47 hp.
You barely miss the gnoll. The gnoll barely misses you.
You barely miss the gnoll. The gnoll hits you with a +0 spear.
* * * LOW HITPOINT WARNING * * *
😨 HP[-4]
You take 4 damage, and now have 12/47 hp.
You barely miss the gnoll. The gnoll hits you with a +0 spear.
* * * LOW HITPOINT WARNING * * *
😱 HP[-1]
You take 1 damage, and now have 11/47 hp.
You closely miss the gnoll. You headbutt the gnoll.
You block the gnoll's attack. The gnoll hits you with a +0 spear.
* * * LOW HITPOINT WARNING * * *
😱 HP[-1]
You take 1 damage, and now have 10/47 hp.
You closely miss the gnoll. The gnoll hits you but does no damage.
You hit the gnoll.
You kill the gnoll!
You start resting.
A gnoll is nearby! 😱 HP[+1]
A gnoll is nearby!
A gnoll is nearby!
Throw: 17 stones {throwing}
Press: ? - help, Q - select action Shift-Dir - straight line, f - gnoll
Aim: a gnoll, wielding a +0 flail and quivering a throwing net (wandering, hasn't noticed you, 60% to hit)
You throw a stone {throwing}.
The stone {throwing} barely misses the gnoll.
The gnoll shouts!
You hear a shout! x2
Throw: 16 stones {throwing}
Press: ? - help, Q - select action Shift-Dir - straight line, f/p - gnoll
Aim: a gnoll, wielding a +0 flail and quivering a throwing net (60% to hit)
You throw a stone {throwing}.
The stone {throwing} barely misses the gnoll.
You slash the gnoll!
You kill the gnoll! 😨 HP[+1]
i - a throwing net {=f!fthrowing}
Things that are here:
a +0 flail {mace}; a +0 spear {polearm}; a gnoll corpse A gnoll comes into view.
It is wielding a +0 whip.
Throw: 15 stones {throwing}
Press: ? - help, Q - select action, (/) - cycle Shift-Dir - straight line You can't see that place.
You can't see that place.
Okay, then.
You hit the gnoll. You headbutt the gnoll. The gnoll hits you with a +0 whip.
* * * LOW HITPOINT WARNING * * *
You block the gnoll's attack. 😱 HP[-3]
You take 3 damage, and now have 9/47 hp.
You closely miss the gnoll. You headbutt the gnoll.
You block the gnoll's attack.
You slash the gnoll!
You kill the gnoll!
A gnoll comes into view. It is wielding a +0 spear. 😱 HP[+1]
You block the gnoll's attack.
Things that are here:
a +0 whip {mace}; a gnoll corpse You barely miss the gnoll.
You headbutt the gnoll, but do no damage.
The gnoll hits you with a +0 spear.
* * * LOW HITPOINT WARNING * * *
😱 HP[-4]
You take 4 damage, and now have 6/47 hp.
You barely miss the gnoll. The gnoll hits you with a +0 spear.
You die...

Skill      XL: |  1  2  3  4 |
---------------+-------------+-----
Axes           | 3 4 |  4.6
Fighting       | 4 |  4.6
Armour         | 4 |  4.5
Shields        | 4 |  4.5

Action                   |  1- 3 |  4- 6 || total
-------------------------+-------+-------++-------
Melee: War axe           |    44 |    30 ||    74
       Headbutt          |     9 |     8 ||    17
Throw: Stone             |       |    10 ||    10
Armor: Scale mail        |    14 |       ||    14
       Plate armour      |    19 |    14 ||    33
       Chain mail        |     1 |       ||     1
Dodge: Dodged            |    14 |     7 ||    21
Block: Buckler           |    10 |    10 ||    20

Levels and vault maps discovered:
D:1:      lightli_arrival_flooded_house, layout_loops_ring,
          shapermc_ecumenical_altar_mp_vishouse
D:2:      cheibrodos_pilgrimage, layout_basic, serial_curves, eino_curves_02,
          eino_curves_02, eino_curves_01, basic_altar,
          nicolae_concentric_dashed_squares_mild, uniq_robin

Notes
Turn   | Place    | Note
-------+----------+-------------------------------------------
     0 | D:1      | Sanktem7 the Minotaur Fighter began the quest for the Orb.
     0 | D:1      | Reached XP level 1. HP: 19/19 MP: 0/0
     0 | D:1      | magus.rc [v1.9.6]
   228 | D:1      | Reached XP level 2. HP: 24/26 MP: 1/1
   231 | D:1      | Reached skill level 3 in Axes
   752 | D:1      | Found a faded altar of an unknown god.
  1099 | D:2      | Reached skill level 4 in Fighting
  1099 | D:2      | Reached skill level 4 in Armour
  1099 | D:2      | Reached skill level 4 in Shields
  1099 | D:2      | Reached XP level 3. HP: 15/33 MP: 2/2
  1538 | D:2      | Found a burning altar of Makhleb.
  1568 | D:2      | Identified the +0 robe of the Accordion {-Tele rElec rF-
                  | Dex+10}
  1588 | D:2      | Noticed Robin
  1592 | D:2      | Reached XP level 4. HP: 37/40 MP: 3/3
  1598 | D:2      | HP: 10/40 [Robin/+0 club (1)]
  1600 | D:2      | Killed Robin
  1601 | D:2      | Reached skill level 4 in Axes
  1888 | D:2      | Reached XP level 5. HP: 18/47 MP: 4/4
  1906 | D:2      | HP: 11/47 [gnoll/+0 spear (1)]
  1924 | D:2      | HP: 9/47 [gnoll/+0 whip (3)]
  1929 | D:2      | Slain by a gnoll

Vanquished Creatures
  An orc priest (D:2)
  An orc wizard (D:2)
  Robin (D:2)
  7 gnolls (D:2)
  2 orcs (D:2)
  2 ball pythons (D:1)
  4 endoplasms
  A giant cockroach (D:1)
  13 goblins
  4 hobgoblins
  2 quokkas
  2 bats (D:1)
  3 kobolds (D:1)
  2 rats
45 creatures vanquished.

Table legend:
 A = Non-vault XP
 B = Vault XP
 C = Vault XP percentage of total XP
 D = Non-vault monster count
 E = Vault monster count
 F = Vault count percentage of total count
                 A         B        C        D         E       F
            +---------+---------+-------+---------+---------+-------
      Total |     137 |     121 |  46.9 |      30 |      15 |  33.3
            +---------+---------+-------+---------+---------+-------
        D:1 |      32 |       0 |   0.0 |      19 |       0 |   0.0
        D:2 |     105 |     121 |  53.5 |      11 |      15 |  57.7
            +---------+---------+-------+---------+---------+-------

Illustrated notes

Table legend:
 A = Kills in this place as a percentage of kills in entire the game.
 B = Kills by you in this place as a percentage of kills by you in the entire game.
 C = Kills by friends in this place as a percentage of kills by friends in the entire game.
 D = Other kills in this place as a percentage of other kills in the entire game.
 E = Experience gained in this place as a percentage of experience gained in the entire game.
 F = Experience gained in this place divided by the number of levels of this place that you have seen.
                   A       B       C       D       E      F
               +-------+-------+-------+-------+-------+----------------------
         Total | 100.0 | 100.0 |   N/A |   N/A | 100.0 | 129.0
       Dungeon | 100.0 | 100.0 |   N/A |   N/A | 100.0 | 129.0
               +-------+-------+-------+-------+-------+----------------------

Table legend: (Time is in decaauts)
 A = Elapsed time spent in this place.
 B = Non-inter-level travel time spent in this place.
 C = Inter-level travel time spent in this place.
 D = Time resting spent in this place.
 E = Time spent auto-exploring this place.
 F = Levels seen in this place.
 G = Mean time per level.
                   A        B        C        D        E       F      G
               +--------+--------+--------+--------+--------+-----+--------+
         Total |   1957 |   1869 |     88 |    522 |   1073 |   2 |  978.5 |
       Dungeon |   1957 |   1869 |     88 |    522 |   1073 |   2 |  978.5 |
               +--------+--------+--------+--------+--------+-----+--------+

Top non-repeatable levels by time:
     D:1: 1082 daAuts
     D:2: 874 daAuts
